 Seeded DCSS version 0.26.1-2-gb8aa6d0cf2 (webtiles) character file.

Game seed: 8078268941210332152 (custom seed)

3507 oldmanjim the Fighter (level 10, 0/72 HPs)
             Began as a Gargoyle Hunter on Mar 14, 2021.
             Was an Initiate of Gozag.
             Slain by a two-headed ogre
             ... wielding a +0 giant club
              (11 damage)
             ... on level 9 of the Dungeon on Mar 15, 2021.
             The game lasted 00:43:11 (9115 turns).

oldmanjim the Fighter (Gargoyle Hunter)             Turns: 9115, Time: 00:43:12

Health: 0/72       AC: 17    Str: 18    XL:     10   Next: 7%
Magic:  10/10      EV: 10    Int: 13    God:    Gozag
Gold:   494        SH:  0    Dex: 19    Spells: 9/9 levels left

rFire    + . .     SeeInvis +   a - +8 longbow "Zephyr" {speed, Dex+3 SInv}
rCold    . . .     Faith    .   (shield currently unavailable)
rNeg     + . .     Spirit   .   v - +3 scale mail {rF+}
rPois    ∞         Reflect  .   (no helmet)
rElec    +         Harm     .   (no cloak)
rCorr    +         Rampage  .   K - +0 pair of gloves
Will     .....                  (no boots)
Stlth    +.........             (no amulet)
HPRegen  0.22/turn              F - ring of resist corrosion
MPRegen  0.12/turn              y - +6 ring of dexterity

@: about to teleport
A: negative energy resistance 1, electricity resistance, unbreathing,
petrification resistance, miasma immunity, AC +7
a: Renounce Religion, Potion Petition, Call Merchant, Bribe Branch


You were on level 9 of the Dungeon.
You worshipped Gozag.
Gozag was aware of your devotion.
You visited 2 branches of the dungeon, and saw 10 of its levels.

You collected 699 gold pieces.
You spent 90 gold pieces at shops.
You paid 115 gold pieces to Gozag.

Inventory:

Hand Weapons
 a - the +8 longbow "Zephyr" (weapon) {speed, Dex+3 SInv}
   (You found it on level 4 of the Dungeon)

   Attacks with this weapon are significantly faster.
   It affects your dexterity (+3).
   It lets you see invisible.
 b - a +1 short sword of speed
 h - a +1 short sword
Missiles
 c - 26 poisoned darts
 d - 88 arrows (quivered ammo)
 E - 7 atropa-tipped darts
Armour
 m - a +0 cloak
 v - a +3 scale mail of fire resistance (worn)
 K - a +0 pair of gloves (worn)
Jewellery
 u - an uncursed ring of see invisible
 y - a +6 ring of dexterity (right hand)
 D - an uncursed ring of wizardry
 F - a ring of resist corrosion (left hand)
Wands
 e - a wand of enslavement (17)
 l - a wand of iceblast (17)
 C - a wand of flame (21)
 I - a wand of polymorph (8)
Scrolls
 f - 2 scrolls of teleportation
 g - a scroll of blinking
 i - 3 scrolls of magic mapping
 j - 4 scrolls of enchant armour
 k - 2 scrolls of remove curse
 n - a scroll of fog
 q - 2 scrolls of identify
 x - a scroll of amnesia
 G - a scroll of immolation
 H - a scroll of fear
Potions
 o - 5 potions of heal wounds
 p - a potion of resistance
 r - 3 potions of haste
 s - 5 potions of curing
 t - a potion of brilliance
 w - 2 potions of attraction
 z - 2 potions of flight
 A - a potion of lignification {unknown}
 B - a potion of mutation
 J - a potion of berserk rage


   Skills:
 + Level 12.9 Fighting
 - Level 6.0 Bows
 - Level 1.5 Dodging
 - Level 2.0 Stealth
 + Level 4.9 Evocations


You had 9 spell levels left.
You didn't know any spells.
Your spell library contained the following spells:

 Spells                   Type           Power        Failure   Level
 Magic Dart               Conj           0%           71%         1
 Searing Ray              Conj           0%           85%         2
 Dazzling Flash           Conj/Hex       0%           97%         3
 Fulminant Prism          Conj/Hex       0%           100%        4
 Iskenderun's Mystic Bla  Conj/Tloc      0%           100%        4


Dungeon Overview and Level Annotations

Branches:
Dungeon (9/15)             Temple (1/1) D:5
   Lair: D:8-11         Orc: D:9-12

Altars:
Ashenzari
Cheibriados
Dithmenos
Elyvilon
Fedhas
Gozag
Hepliaklqana
Kikubaaqudgha
Makhleb
Nemelex Xobeh
Okawaru
Qazlal
Ru
Sif Muna
Trog
Uskayaw
Vehumet
Wu Jian
Xom
Yredelemnul
Zin
The Shining One

Shops:
D:5 ?(

Annotations:
D:7 1 runed translucent door, exclusion: door, Crazy Yiuf


Innate Abilities, Weirdness & Mutations

You are resistant to torment.
Your stone body is resilient. (AC +7)
You are immune to poison.
You resist negative energy. (rN+)
You are resistant to electric shocks. (rElec)
You can survive without breathing.
You are immune to petrification.
You are immune to miasma.


Message History

The two-headed ogre hits you with a +0 giant club!
The two-headed ogre completely misses you.
You are too injured to fight recklessly!
Fire: 89 arrows
Press: ? - help, Q - select action, (/) - cycle Shift-Dir - straight line, f/p - two-headed ogre
Aim: a two-headed ogre, wielding a +0 giant club and a +0 giant spiked club (83% to hit)
You shoot an arrow. The arrow hits the two-headed ogre!
The two-headed ogre is moderately wounded.
There is an open door here.
The two-headed ogre hits you with a +0 giant club!!
* * * LOW HITPOINT WARNING * * *
The two-headed ogre hits you with a +0 giant spiked club.
* * * LOW HITPOINT WARNING * * *
There is an open door here.
There is an open door here.
As you read the scroll of teleportation, it crumbles to dust.
You feel strangely unstable. The two-headed ogre closely misses you.
The two-headed ogre hits you with a +0 giant spiked club!
You die...
Your body crumbles into a pile of gold.

#.# #.# #.# #.# #.# #.#
#.# #.## ##'##### #>.#
#......# #######'###
####......# #.........#
...'....).####.........#
####......#..'.O@......#
# #......#.##.........#
#......'.##.........#
#......####.........#
######## ###########


You could see a two-headed ogre.

Vanquished Creatures
  Joseph (D:8)
  4 yaks (D:9)
  Menkaure (D:7)
  A sky beast (D:7)
  2 orc warriors
  An ice beast (D:7)
  A phantom (D:6)
  An ogre (D:8)
  2 centaurs
  5 bullfrogs
  2 gnoll sergeants
  A scorpion (D:6)
  6 wights
  A howler monkey (D:5)
  A crimson imp (D:4)
  A bullfrog skeleton (D:7)
  A centaur zombie (D:6)
  4 hounds
  A jelly (D:7)
  4 orc priests
  Terence (D:3)
  5 worker ants
  4 orc wizards
  3 worker ant zombies
  A howler monkey skeleton (D:9)
  11 adders
  6 gnolls
  A shadow imp (D:6)
  A white imp (D:7)
  3 ufetubi (D:8)
  2 oozes (D:2)
  2 adder skeletons
  2 worms
  A dart slug (D:1)
  6 leopard geckos
  20 orcs
  A ball python (D:1)
  10 bats
  7 giant cockroaches
  9 goblins
  10 hobgoblins
  14 jackals
  12 kobolds
  5 quokkas
  5 frilled lizards
  3 hobgoblin zombies (D:4)
  A kobold skeleton (D:4)
  2 kobold zombies (D:4)
  A leopard gecko zombie (D:7)
  An orc skeleton (D:4)
  An orc zombie (D:4)
  10 rats
202 creatures vanquished.

Vanquished Creatures (others)
  2 fungi (D:7)
2 creatures vanquished.

Grand Total: 204 creatures vanquished

Notes
Turn   | Place    | Note
-------+----------+-------------------------------------------
     0 | D:1      | oldmanjim the Gargoyle Hunter began the quest for the Orb.
     0 | D:1      | Reached XP level 1. HP: 12/12 MP: 1/1
    98 | D:1      | Reached XP level 2. HP: 13/18 MP: 2/2
   513 | D:1      | Reached XP level 3. HP: 18/22 MP: 3/3
   673 | D:1      | Reached skill level 3 in Fighting
  1143 | D:2      | Reached XP level 4. HP: 10/28 MP: 4/4
  1417 | D:2      | Found a snail-covered altar of Cheibriados.
  1669 | D:2      | Reached skill level 5 in Bows
  1775 | D:2      | Found a radiant altar of Vehumet.
  2169 | D:3      | Reached skill level 4 in Fighting
  2169 | D:3      | Reached XP level 5. HP: 22/33 MP: 5/5
  2330 | D:3      | Noticed Terence
  2347 | D:3      | Killed Terence
  3647 | D:4      | Found a glowing golden altar of the Shining One.
  3671 | D:4      | Reached XP level 6. HP: 33/39 MP: 6/6
  3762 | D:4      | Found a broken altar of Ashenzari.
  3794 | D:4      | Found a shimmering blue altar of Sif Muna.
  3851 | D:4      | Found the +8 longbow "Zephyr" {speed, Dex+3 SInv}
  3894 | D:4      | Reached skill level 5 in Fighting
  3920 | D:4      | Got a shimmering leather armour
  3931 | D:4      | Identified the +2 leather armour of the Lair of Beasts
                  | {rPois Str-4 Dex+4} (You found it on level 4 of the
                  | Dungeon)
  4342 | D:5      | Entered Level 5 of the Dungeon
  4383 | D:5      | Found a bloodstained altar of Trog.
  4411 | D:5      | Found Buolahown's Antique Weapon Boutique.
  4532 | D:5      | You fall into a shaft and drop 3 floors!
  4637 | D:7      | Reached skill level 6 in Fighting
  4669 | D:7      | Reached XP level 7. HP: 5/47 MP: 7/7
  5017 | D:7      | Noticed Menkaure
  5020 | D:7      | Killed Menkaure
  5021 | D:7      | Reached skill level 7 in Fighting
  5037 | D:7      | Found a stormy altar of Qazlal.
  5096 | D:7      | Reached skill level 8 in Fighting
  5239 | D:7      | Reached XP level 8. HP: 55/55 MP: 8/8
  5324 | D:7      | Reached skill level 9 in Fighting
  5802 | D:7      | Reached skill level 10 in Fighting
  6049 | D:7      | Found a runed translucent door.
  6050 | D:7      | Noticed Crazy Yiuf
  6472 | D:6      | Reached skill level 11 in Fighting
  6508 | D:6      | Reached XP level 9. HP: 64/64 MP: 9/9
  7169 | D:5      | Found Loqolysm's Magic Scroll Emporium.
  7177 | D:5      | Bought a scroll of blinking for 90 gold pieces
  7209 | D:5      | Reached skill level 1 in Evocations
  7329 | D:5      | Found a staircase to the Ecumenical Temple.
  7339 | Temple   | Entered the Ecumenical Temple
  7406 | Temple   | Became a worshipper of Gozag Ym Sagoz the Greedy
  8163 | D:8      | Found a shimmering altar of Xom.
  8163 | D:8      | Found an iron altar of Okawaru.
  8214 | D:8      | Reached skill level 12 in Fighting
  8607 | D:8      | Noticed Joseph
  8621 | D:8      | Killed Joseph
  8797 | D:9      | Reached XP level 10. HP: 58/72 MP: 10/10
  9072 | D:9      | Noticed a two-headed ogre
  9115 | D:9      | Slain by a two-headed ogre

Illustrated notes

Levels and vault maps discovered:
D:1:      dpeg_arrival_rooms_c, layout_basic
D:2:      layout_rooms, old_standard_altar, vehumet_crystals
D:3:      layout_loops_ring, uniq_terence
D:4:      layout_loops_cross, kennysheep_little_box, lemuel_crystal_altar,
          nicolae_tso_besieged_by_evil
D:5:      layout_basic, overflow_temple_1_default, minmay_temple_entry_mist,
          serial_shops, nicolae_shop_statue_plus, shop
D:6:      layout_gridville, nicolae_lava_and_water
D:7:      kennysheep_six_static_rooms, layout_basic, overflow_temple_1_default,
          uniq_menkaure, uniq_crazy_yiuf_cottage
D:8:      layout_basic, gammafunk_temple_overflow_elements,
          minmay_misc_feat_tower, uniq_joseph
D:9:      layout_roguey, serial_shops, shop, uniq_maggie
Temple:   cyrus_circular_temple

Skill      XL: |  1  2  3  4  5  6  7  8  9 |
---------------+----------------------------+-----
Stealth        | 2 |  2.0
Fighting       | 3 4 6 8 11 12 | 12.9
Bows           | 5 6 |  6.0
Evocations     | 4 |  4.9
Dodging        | |  1.5

Action                   |  1- 3 |  4- 6 |  7- 9 | 10-12 || total
-------------------------+-------+-------+-------+-------++-------
Melee: Short sword       |   131 |   378 |    14 |       ||   523
 Fire: Shortbow          |    28 |    23 |       |       ||    51
       Longbow           |       |    19 |   203 |    11 ||   233
Throw: Dart              |       |     5 |       |       ||     5
Evoke: Wand              |       |       |       |     1 ||     1
  Use: Scroll            |       |    11 |     7 |     1 ||    19
 Stab: Sleeping          |     1 |       |       |       ||     1
Armor: Leather armour    |    47 |    84 |       |       ||   131
       Scale mail        |       |   120 |    23 |     2 ||   145
       Robe              |       |    28 |       |       ||    28
       Skin              |       |       |     4 |       ||     4
Dodge: Dodged            |    94 |   263 |    28 |     3 ||   388
